 Dungeon Crawl Stone Soup version 0.18.1-48-g4cf74bf (webtiles) character file.

11498 Metae the Protected (level 11, 0/100 HPs)
             Began as a Minotaur Fighter on July 4, 2016.
             Was a High Priest of Okawaru.
             Slain by a hill giant
             ... wielding a +0 giant club
              (11 damage)
             ... on level 11 of the Dungeon.
             The game lasted 00:56:26 (10340 turns).

Metae the Protected (Minotaur Fighter)             Turns: 10340, Time: 00:56:27

Health: 0/100      AC: 32    Str: 22    XL:     11   Next: 50%
Magic:  6/13       EV: 13    Int:  5    God:    Okawaru [*****.]
Gold:   826        SH: 14    Dex: 16    Spells: 0 memorised, 10 levels left

rFire  . . .     SeeInvis .     a - +0 trident
rCold  . . .     Gourm    .     Y - +0 crystal plate armour
rNeg   . . .     Faith    .     W - +1 shield {AC+3}
rPois  .         Spirit   .     (helmet restricted)
rElec  +         Dismiss  .     L - +2 cloak
rCorr  .         Reflect  .     h - +0 pair of gloves
SustAt .         Harm     .     (no boots)
MR     +....     Clarity  +     (no amulet)
Stlth  ..........               w - +4 ring of strength
                                X - +3 ring of evasion

@: heroism, finesse, somewhat resistant to hostile enchantments, extremely
unstealthy
A: retaliatory headbutt, beak, horns 2, agile 1, berserk 1, clarity,
deterioration 1, low mp 1, magic resistance 1, electricity resistance, weak 1
a: Heroism, Finesse, Renounce Religion


You were on level 11 of the Dungeon.
You worshipped Okawaru.
Okawaru was extremely pleased with you.
You were not hungry.

You visited 1 branch of the dungeon, and saw 11 of its levels.

You collected 826 gold pieces.

Inventory:

Hand Weapons
 a - a +0 trident (weapon)
 y - a +3 flail of protection
Armour
 h - a +0 pair of gloves (worn)
 L - a +2 cloak (worn)
 T - a +2 plate armour of fire resistance
 W - a +1 shield of protection (worn)
 Y - a +0 crystal plate armour (worn)
Jewellery
 r - an uncursed ring of sustain attributes
 w - a +4 ring of strength (right hand)
 X - a +3 ring of evasion (left hand)
Wands
 f - a wand of polymorph (13/24)
 m - a wand of flame (15/48)
 q - a wand of disintegration (3/24)
 C - a wand of lightning (5/15)
 I - a wand of slowing (0/48)
 S - a wand of lightning (8/15)
 V - a wand of confusion (5/48)
Scrolls
 b - 2 scrolls of blinking
 c - a scroll of fear {unknown}
 i - 2 scrolls of immolation
 k - 3 scrolls of magic mapping
 p - 3 scrolls of remove curse
 t - 5 scrolls of teleportation
 x - a scroll of enchant weapon {unknown}
 E - a scroll of enchant armour {unknown}
 F - a scroll of random uselessness {unknown}
 H - a scroll of acquirement {unknown}
 M - a scroll of fog {unknown}
 P - a scroll of holy word {unknown}
 Q - 3 scrolls of amnesia
Potions
 d - 3 potions of might
 e - a potion of beneficial mutation {unknown}
 g - 3 potions of degeneration {unknown}
 l - 4 potions of curing
 n - a potion of mutation {unknown}
 o - 2 potions of flight {unknown}
 s - 2 potions of lignification {unknown}
 u - a potion of cancellation {unknown}
 v - a potion of heal wounds {unknown}
 z - 2 potions of haste {unknown}
 A - 4 potions of invisibility
 G - a potion of magic {unknown}
 J - a potion of ambrosia {unknown}
 N - 2 potions of agility
 O - a potion of cure mutation {unknown}
Books
 U - a book of Envenomations

   Spells                             Type                      Level
   a - Spider Form                    Transmutation/Poison         3
   b - Olgreb's Toxic Radiance        Poison                       4
   c - Alistair's Intoxication        Transmutation/Poison         5
   d - Poisonous Cloud                Conjuration/Poison/Air       6
 Z - a book of Air

   Spells                             Type                      Level
   a - Shock                          Conjuration/Air              1
   b - Swiftness                      Charms/Air                   2
   c - Repel Missiles                 Charms/Air                   2
   d - Static Discharge               Conjuration/Air              3
   e - Lightning Bolt                 Conjuration/Air              5
Comestibles
 j - 10 royal jellies
 B - 2 meat rations
 D - 6 bread rations
 K - 2 slices of pizza
 R - a chunk of flesh


   Skills:
 * Level 10.2(15.2) Fighting
 + Level 7.5(12.5) Polearms
 * Level 10.4(15.4) Armour
 + Level 6.2(11.2) Dodging
 + Level 5.3(10.3) Stealth
 + Level 7.8(12.8) Shields
 * Level 6.6 Invocations
 + Level 4.5 Evocations


You had 10 spell levels left.
You didn't know any spells.

Dungeon Overview and Level Annotations

Branches:
Dungeon (11/15)            Temple (0/1) D:5            Lair (0/8) D:11
    Orc: D:9-12

Altars:
Cheibriados
Dithmenos
Kikubaaqudgha
Makhleb
Okawaru
Pakellas
Sif Muna
Xom
Zin
Jiyva

Shops:
D:6 [   D:8 %


Innate Abilities, Weirdness & Mutations

You reflexively headbutt those who attack you in melee.
You have a pair of horns on your head.
You have a beak for a mouth.
You are agile. (Dex +2)
You tend to lose your temper in combat.
You possess an exceptional clarity of mind.
Your body sometimes deteriorates upon taking damage.
Your magical capacity is low (-10% MP).
You are resistant to hostile enchantments.
You are resistant to electric shocks.
You are weak. (Str -2)


Message History

You hit the hill giant but do no damage.
You headbutt the hill giant!
The hill giant is heavily wounded.
Your crystal plate armour prevents you from hitting the hill giant.
You headbutt the hill giant.
The hill giant is severely wounded.
You puncture the hill giant! You headbutt the hill giant!
The hill giant is almost dead.
You block the crocodile's attack. You block the hill giant's attack.
You completely miss the hill giant.
The hill giant is almost dead.
You hit the hill giant. Your headbutt misses the hill giant.
The hill giant is almost dead.
The crocodile bites you.
* * * LOW HITPOINT WARNING * * *
Your crystal plate armour prevents you from hitting the hill giant.
You peck the hill giant, but do no damage.
The hill giant is almost dead.
The hill giant hits you with a giant club!
You die...

###............#############.
..........###### #.
##....<..# ## #####.###
#####.# #.....# ##'######
#.......####################
#......z'zt@C...............
+.......####################
#.......# #.......# #########


You could see a hill giant, a crocodile and 2 wights.

Vanquished Creatures
  Maud (D:11)
  An unseen horror (D:10)
  A hill giant (D:10)
  Pikel (D:5)
  A cyclops (D:11)
  An elephant (D:11)
  The ghost of Typee the Sneak, a novice OpCj of Vehumet (D:5)
  4 kobold demonologists (D:11)
  A troll (D:9)
  The ghost of Arantyr the Skirmisher, an amateur HuWn (D:4)
  Grinder (D:5)
  A wraith (D:11)
  4 yaks (D:11)
  A hungry ghost (D:8)
  Edmund (D:4)
  Menkaure (D:5)
  3 orc warriors
  5 ice beasts
  3 sky beasts
  2 phantoms
  2 wasps
  3 ogres
  3 centaurs
  4 big kobolds
  2 crocodiles (D:11)
  4 giant frogs
  Blork the orc (D:6)
  A wyvern skeleton (D:7)
  A scorpion (D:11)
  10 killer bees
  5 wights (D:9)
  A howler monkey (D:9)
  3 crimson imps
  3 quasits
  4 giant frog zombies
  4 hounds
  8 jellies
  7 orc priests
  Crazy Yiuf (D:6)
  2 giant frog skeletons (D:6)
  3 orc wizards
  Terence (D:3)
  An iguana (D:6)
  2 worker ants
  A killer bee zombie (D:6)
  Robin (D:2)
  9 gnolls
  10 adders
  3 shadow imps
  7 oozes
  A worm (D:2)
  3 dart slugs
  4 giant geckos
  18 orcs
  9 bats
  6 giant cockroaches
  12 goblins
  10 hobgoblins
  18 jackals
  4 quokkas
  A ball python (D:1)
  A giant gecko zombie (D:8)
  3 giant newts
  20 kobolds
  6 rats
258 creatures vanquished.

Vanquished Creatures (others)
  A human (D:2)
  A giant frog zombie (D:5)
  An orc wizard (D:7)
  A giant gecko (D:5)
4 creatures vanquished.

Grand Total: 262 creatures vanquished

Notes
Turn   | Place    | Note
--------------------------------------------------------------
     0 | D:1      | Metae the Minotaur Fighter began the quest for the Orb.
     0 | D:1      | Reached XP level 1. HP: 19/19 MP: 0/0
   116 | D:1      | Reached XP level 2. HP: 25/27 MP: 1/1
   571 | D:1      | Reached XP level 3. HP: 28/33 MP: 2/2
   890 | D:2      | Noticed Robin
   988 | D:2      | Killed Robin
   988 | D:2      | Reached skill level 1 in Dodging
  1092 | D:2      | Reached XP level 4. HP: 39/40 MP: 3/3
  1193 | D:2      | Found an ancient bone altar of Kikubaaqudgha.
  1203 | D:2      | Noticed a human
  1204 | D:2      | Killed a human
  1228 | D:2      | Found an iron altar of Okawaru.
  1420 | D:2      | Reached skill level 1 in Stealth
  1720 | D:2      | Became a worshipper of Warmaster Okawaru
  2132 | D:3      | Noticed Terence
  2149 | D:3      | Killed Terence
  2149 | D:3      | Reached XP level 5. HP: 29/47 MP: 4/4
  2567 | D:4      | Reached skill level 1 in Invocations
  2576 | D:4      | HP: 2/47 [gnoll/halberd (10)]
  3071 | D:4      | Noticed Edmund
  3103 | D:4      | Killed Edmund
  3103 | D:4      | Reached * piety under Okawaru
  3103 | D:4      | Reached skill level 5 in Fighting
  3103 | D:4      | Reached skill level 5 in Armour
  3103 | D:4      | Reached XP level 6. HP: 42/56 MP: 4/6
  3321 | D:4      | Reached skill level 1 in Evocations
  3347 | D:4      | Noticed Arantyr's ghost (amateur HuWn)
  3358 | D:4      | Killed Arantyr's ghost
  3358 | D:4      | Reached ** piety under Okawaru
  3358 | D:4      | Reached XP level 7. HP: 54/61 MP: 7/7
  3514 | D:5      | Entered Level 5 of the Dungeon
  3535 | D:5      | Reached skill level 5 in Shields
  3565 | D:5      | Noticed Menkaure
  3569 | D:5      | Killed Menkaure
  3954 | D:5      | Reached XP level 8. HP: 33/70 MP: 8/8
  4008 | D:5      | Noticed Grinder
  4030 | D:5      | Killed Grinder
  4030 | D:5      | Reached *** piety under Okawaru
  4128 | D:5      | Found an oddly glowing altar of Pakellas.
  4248 | D:5      | Noticed Typee's ghost (novice OpCj)
  4280 | D:5      | Killed Typee's ghost
  4280 | D:5      | Reached skill level 5 in Polearms
  4576 | D:5      | Found a staircase to the Ecumenical Temple.
  4626 | D:5      | Noticed Pikel
  4963 | D:5      | Killed Pikel
  4963 | D:5      | Reached **** piety under Okawaru
  4963 | D:5      | Reached XP level 9. HP: 50/79 MP: 10/10
  5093 | D:5      | Found a deep blue altar of Sif Muna.
  5330 | D:6      | Noticed Blork the orc
  5338 | D:6      | Killed Blork the orc
  5399 | D:6      | Found Kopralue's Armour Shop.
  5608 | D:6      | Found a shimmering altar of Xom.
  5925 | D:6      | Found a shadowy altar of Dithmenos.
  5932 | D:6      | Gained mutation: You have a beak for a mouth. [mutagenic meat]
  5933 | D:6      | Gained mutation: You are agile. (Dex +2) [mutagenic meat]
  5934 | D:6      | Gained mutation: You possess an exceptional clarity of mind. [mutagenic meat]
  5950 | D:6      | Found a burning altar of Makhleb.
  5961 | D:6      | Found a glowing silver altar of Zin.
  6143 | D:6      | Noticed Crazy Yiuf
  6150 | D:6      | Killed Crazy Yiuf
  6353 | D:7      | Reached ***** piety under Okawaru
  6358 | D:7      | Found a shimmering altar of Xom.
  6405 | D:7      | Gained mutation: You are weak. (Str -2) [mutagenic meat]
  6407 | D:7      | Gained mutation: Your body sometimes deteriorates upon taking damage. [mutagenic meat]
  6814 | D:8      | Received a gift from Okawaru
  7231 | D:8      | Reached XP level 10. HP: 89/90 MP: 12/12
  7239 | D:8      | Found Purothroi's Food Emporium.
  7421 | D:8      | Found a viscous altar of Jiyva.
  7529 | D:9      | Reached skill level 5 in Dodging
  7614 | D:9      | Found a snail-covered altar of Cheibriados.
  7916 | D:9      | Gained mutation: Your magical capacity is low (-10% MP). [mutagenic meat]
  7917 | D:9      | Gained mutation: You tend to lose your temper in combat. [mutagenic meat]
  7920 | D:9      | Gained mutation: You are resistant to hostile enchantments. [mutagenic meat]
  7921 | D:9      | Gained mutation: You are resistant to electric shocks. [mutagenic meat]
  8194 | D:10     | Entered Level 10 of the Dungeon
  8609 | D:10     | Reached skill level 5 in Invocations
  9020 | D:10     | Noticed a hill giant
  9031 | D:10     | Killed a hill giant
  9120 | D:11     | Found a staircase to the Lair.
  9125 | D:11     | Noticed an elephant
  9142 | D:11     | Killed an elephant
  9254 | D:10     | Killed an unseen horror
  9635 | D:11     | Noticed a sixfirhy
  9643 | D:11     | Reached XP level 11. HP: 80/97 MP: 12/12
  9657 | D:11     | Noticed a soul eater
  9684 | D:11     | Reached skill level 10 in Armour
 10012 | D:11     | Found a deep blue altar of Sif Muna.
 10062 | D:11     | Reached skill level 5 in Stealth
 10107 | D:11     | Reached skill level 10 in Fighting
 10232 | D:11     | Noticed Maud
 10268 | D:11     | Killed Maud
 10282 | D:11     | Noticed a hill giant
 10340 | D:11     | Slain by a hill giant

Skill      XL: |  1  2  3  4  5  6  7  8  9 10 11 |
---------------+----------------------------------+-----
Armour         | 4 5 6 7 8 9 10 | 10.4
Shields        | 4 5 6 7 |  7.8
Fighting       | 4 5 7 8 9 10 | 10.2
Dodging        | 1 2 3 4 5 6 |  6.2
Polearms       | 3 4 5 6 7 |  7.5
Stealth        | 1 2 3 4 5 |  5.3
Invocations    | 1 2 3 4 5 6 |  6.6
Evocations     | 1 2 3 4 |  4.5

Action                   |  1- 3 |  4- 6 |  7- 9 | 10-12 || total
-------------------------+-------+-------+-------+-------++-------
Melee: Trident           |   104 |   196 |   372 |   461 ||  1133
       Headbutt          |    12 |    32 |    77 |   120 ||   241
       Peck              |       |       |    20 |    96 ||   116
Invok: Heroism           |       |       |     6 |     1 ||     7
       Finesse           |       |       |       |     3 ||     3
Evoke: Wand              |       |       |     1 |       ||     1
  Use: Scroll            |       |       |    10 |     4 ||    14
       Potion            |       |       |     2 |       ||     2
  Eat: Chunk             |     1 |     4 |    15 |     5 ||    25
       Bread ration      |       |     1 |       |       ||     1
       Meat ration       |       |       |     1 |     2 ||     3
       Beef jerky        |       |       |     1 |       ||     1
       Royal jelly       |       |       |       |     1 ||     1
Armor: Scale mail        |    51 |    72 |       |       ||   123
       Chain mail        |       |     8 |   122 |       ||   130
       Plate armour      |       |       |    26 |    61 ||    87
       Crystal plate arm |       |       |       |   249 ||   249
Dodge: Dodged            |    32 |    48 |    96 |    92 ||   268
Block: Shield            |    45 |   101 |   194 |   258 ||   598
